 Dungeon Crawl Stone Soup version 0.20.0-15-g7f486f2 (webtiles) character file.

1265 straycat the Covert (level 8, -3/51 HPs)
             Began as a Vampire Fighter on June 15, 2017.
             Was an Initiate of Hepliaklqana.
             Killed by divine providence
             ... invoked by an orc priest
              (10 damage)
             ... on level 6 of the Dungeon.
             The game lasted 00:18:45 (5215 turns).

straycat the Covert (Vampire Fighter)               Turns: 5215, Time: 00:18:46

Health: -3/51      AC:  6    Str: 17    XL:     8   Next: 27%
Magic:  8/8        EV: 12    Int: 10    God:    Hepliaklqana [......]
Gold:   369        SH:  5    Dex: 14    Spells: 7/7 levels left

rFire    + . .     SeeInvis +   a - +1 rapier
rCold    . . .     Gourm    .   r - +0 buckler
rNeg     + . .     Faith    .   b - +0 scale mail
rPois    .         Spirit   .   (no helmet)
rElec    .         Reflect  .   A - scarf {repulsion}
rCorr    .         Harm     .   (no gloves)
MR       .....                  (no boots)
Stlth    +++.......             (no amulet)
Regen    0.2/turn               o - ring of protection from fire
MPRegen  0.2/turn               j - ring of flight

@: repel missiles
A: reduced essence, fangs 3, see invisible, unbreathing
a: Bat Form, Recall Ancestor, Ancestor Identity, Renounce Religion, Evoke Flight


You were on level 6 of the Dungeon.
You worshipped Hepliaklqana.
Hepliaklqana was noncommittal.
You were not thirsty.

You visited 2 branches of the dungeon, and saw 7 of its levels.

You collected 369 gold pieces.

Inventory:

Hand Weapons
 a - a +1 rapier (weapon)
 n - a +3 hunting sling
 v - a +1 trident of venom
 w - a +0 dagger of speed
 C - a cursed -3 falchion
Missiles
 i - 2 tomahawks of returning
 k - 30 arrows
 x - 4 tomahawks (quivered)
Armour
 b - a +0 scale mail (worn)
 c - a +0 shield
 r - a +0 buckler (worn)
 A - a scarf of repulsion (worn)
Jewellery
 j - a ring of flight (right hand)
 o - a ring of protection from fire (left hand)
Scrolls
 f - 2 scrolls of identify
 g - 2 scrolls of enchant armour {unknown}
 l - 2 scrolls of blinking {unknown}
 m - a scroll of teleportation
 p - 2 scrolls of amnesia
 t - 2 scrolls of remove curse
 y - a scroll of immolation {unknown}
 D - a scroll of enchant weapon
Potions
 d - 2 potions of might
 e - 7 potions of blood
 h - a potion of cancellation {unknown}
 q - a potion of ambrosia {unknown}
 s - a potion of resistance {unknown}
 u - a potion of flight
 B - a potion of agility {unknown}
Books
 z - a book of Misfortune

   Spells                             Type                      Level
   a - Confusing Touch                Hexes                        1
   b - Confuse                        Hexes                        3
   c - Gell's Gravitas                Translocation                3
   d - Petrify                        Transmutation/Earth          4
   e - Metabolic Englaciation         Hexes/Ice                    5
   f - Yara's Violent Unravelling     Hexes/Transmutation          5


   Skills:
 - Level 2.6 Fighting
 - Level 2.1 Short Blades
 - Level 2.4 Armour
 - Level 5.2 Dodging
 - Level 10.0 Stealth
 + Level 5.8 Shields


You had 7 spell levels left.
You didn't know any spells.

Dungeon Overview and Level Annotations

Branches:
Dungeon (6/15)             Temple (1/1) D:4

Altars:
Hepliaklqana
Makhleb
Xom
Yredelemnul
Zin
The Shining One

Shops:
D:4 (


Innate Abilities, Weirdness & Mutations

You have razor-sharp teeth.
You have supernaturally acute eyesight. (SInv)
You can survive without breathing.
Your life essence is reduced. (-10% HP)


Message History

The orc priest begins to cast a cantrip, but forgets the words!
The orc wizard casts a spell at you. The magic dart hits you!
You hit the orc wizard but do no damage.
The orc wizard is heavily wounded.
The orc wizard hits you with a dagger.
You hit the orc wizard but do no damage.
The orc wizard is heavily wounded.
The orc wizard hits you with a dagger.
You hit the orc wizard.
The orc wizard is severely wounded.
The orc priest calls down the wrath of Beogh upon you.
Beogh smites you!
* * * LOW HITPOINT WARNING * * *
The orc wizard mumbles some strange words.
The orc wizard flickers and vanishes for a moment.
You swap places.
The orc priest invokes the aid of Beogh against you.
Beogh smites you!
You die...

###########
.....ooR@.#
#########.#
#.# #.# #.#
#.# #.# #.#
#.#


You could see the friendly Seras the ancestor, an orc priest and an orc wizard
(invisible).

Vanquished Creatures
  A sky beast (D:5)
  2 ogres
  A water moccasin skeleton (D:5)
  A howler monkey (D:6)
  A jelly (D:5)
  A bullfrog zombie (D:5)
  4 orc wizards
  3 orc priests
  A bullfrog skeleton (D:6)
  2 centaur skeletons
  3 hounds
  An iguana (D:5)
  Jessica (D:2)
  4 worker ants
  7 adders
  An ooze (D:1)
  2 worms
  2 dart slugs (D:1)
  4 leopard geckos
  17 orcs
  10 bats
  5 giant cockroaches
  14 goblins
  4 hobgoblins
  8 jackals
  8 kobolds
  3 quokkas
  A ball python (D:2)
  5 frilled lizards
  2 jackal skeletons
  12 rats
131 creatures vanquished.

Vanquished Creatures (collateral kills)
  An ogre (D:5)
  A crimson imp (D:5)
  An orc priest (D:5)
  A ball python (D:5)
4 creatures vanquished.

Grand Total: 135 creatures vanquished

Notes
Turn   | Place    | Note
-------+----------+-------------------------------------------
     0 | D:1      | straycat the Vampire Fighter began the quest for the Orb.
     0 | D:1      | Reached XP level 1. HP: 17/17 MP: 1/1
   156 | D:1      | Reached skill level 1 in Dodging
   214 | D:1      | Reached XP level 2. HP: 20/23 MP: 2/2
   625 | D:1      | Reached XP level 3. HP: 18/28 MP: 3/3
  1016 | D:2      | Noticed Jessica
  1030 | D:2      | Killed Jessica
  1112 | D:2      | Reached XP level 4. HP: 33/34 MP: 4/4
  1910 | D:3      | Reached skill level 5 in Dodging
  1910 | D:3      | Reached XP level 5. HP: 30/39 MP: 5/5
  2111 | D:3      | Reached skill level 1 in Stealth
  2296 | D:3      | Reached skill level 2 in Stealth
  2475 | D:3      | Reached skill level 3 in Stealth
  2477 | D:3      | Reached skill level 4 in Stealth
  2606 | D:4      | Reached skill level 5 in Stealth
  2643 | D:4      | Reached XP level 6. HP: 36/46 MP: 6/6
  2687 | D:4      | Reached skill level 6 in Stealth
  2911 | D:4      | Found a staircase to the Ecumenical Temple.
  2952 | D:4      | Reached skill level 7 in Stealth
  2961 | D:4      | Found a sand-covered staircase.
  3004 | D:4      | Reached skill level 8 in Stealth
  3132 | D:4      | Reached XP level 7. HP: 51/51 MP: 7/7
  3201 | D:4      | Reached skill level 9 in Stealth
  3207 | D:4      | Found Bisan's Weapon Shoppe.
  3670 | Temple   | Entered the Ecumenical Temple
  3682 | Temple   | Became a worshipper of Hepliaklqana the Forgotten
  3785 | D:5      | Entered Level 5 of the Dungeon
  3793 | D:5      | Reached skill level 10 in Stealth
  4448 | D:5      | HP: 1/45 [orc priest (3)]
  4450 | D:5      | Reached XP level 8. HP: 1/51 MP: 8/8
  5065 | D:5      | Reached skill level 5 in Shields
  5215 | D:6      | Killed from afar by an orc priest

Skill      XL: |  1  2  3  4  5  6  7  8 |
---------------+-------------------------+-----
Dodging        | 1 2 4 5 |  5.2
Stealth        | 5 8 10 | 10.0
Shields        | 4 5 |  5.8
Fighting       | |  2.6
Short Blades   | |  2.1
Armour         | |  2.4

Action                   |  1- 3 |  4- 6 |  7- 9 || total
-------------------------+-------+-------+-------++-------
Melee: Rapier            |   100 |   280 |   167 ||   547
       Bite              |    11 |    26 |    16 ||    53
Invok: Ancestor Identity |       |       |     1 ||     1
  Use: Potion            |       |     7 |     6 ||    13
       Scroll            |       |       |     8 ||     8
 Stab: Sleeping          |       |     6 |     8 ||    14
  Eat: Corpse            |       |     2 |       ||     2
Armor: Scale mail        |    51 |   100 |    34 ||   185
Dodge: Dodged            |    32 |   161 |    75 ||   268
       Deflected         |       |       |     1 ||     1
Block: Shield            |    64 |    69 |       ||   133
       Buckler           |       |    31 |    36 ||    67
